%YAML 1.1
%TAG !u! tag:unity3d.com,2011:
--- !u!1 &5571440803530925322
GameObject:
  m_ObjectHideFlags: 0
  m_CorrespondingSourceObject: {fileID: 0}
  m_PrefabInstance: {fileID: 0}
  m_PrefabAsset: {fileID: 0}
  serializedVersion: 6
  m_Component:
  - component: {fileID: 5571440803530925321}
  m_Layer: 0
  m_Name: Diamond Root
  m_TagString: Untagged
  m_Icon: {fileID: 0}
  m_NavMeshLayer: 0
  m_StaticEditorFlags: 0
  m_IsActive: 1
--- !u!4 &5571440803530925321
Transform:
  m_ObjectHideFlags: 0
  m_CorrespondingSourceObject: {fileID: 0}
  m_PrefabInstance: {fileID: 0}
  m_PrefabAsset: {fileID: 0}
  m_GameObject: {fileID: 5571440803530925322}
  m_LocalRotation: {x: -0.7071068, y: -0, z: -0, w: 0.7071067}
  m_LocalPosition: {x: 32, y: 2.5, z: 55}
  m_LocalScale: {x: 0.4, y: 0.39999995, z: 0.39999995}
  m_ConstrainProportionsScale: 0
  m_Children:
  - {fileID: 5571440802133744091}
  m_Father: {fileID: 0}
  m_RootOrder: 0
  m_LocalEulerAnglesHint: {x: 0, y: 0, z: 0}
--- !u!1001 &5571440802133607259
PrefabInstance:
  m_ObjectHideFlags: 0
  serializedVersion: 2
  m_Modification:
    m_TransformParent: {fileID: 5571440803530925321}
    m_Modifications:
    - target: {fileID: 100000, guid: 911b2aca4190de843ba6fc029bf3734d, type: 3}
      propertyPath: m_Name
      value: Diamond
      objectReference: {fileID: 0}
    - target: {fileID: 100000, guid: 911b2aca4190de843ba6fc029bf3734d, type: 3}
      propertyPath: m_IsActive
      value: 1
      objectReference: {fileID: 0}
    - target: {fileID: 400000, guid: 911b2aca4190de843ba6fc029bf3734d, type: 3}
      propertyPath: m_RootOrder
      value: 0
      objectReference: {fileID: 0}
    - target: {fileID: 400000, guid: 911b2aca4190de843ba6fc029bf3734d, type: 3}
      propertyPath: m_LocalScale.x
      value: 1
      objectReference: {fileID: 0}
    - target: {fileID: 400000, guid: 911b2aca4190de843ba6fc029bf3734d, type: 3}
      propertyPath: m_LocalScale.y
      value: 1
      objectReference: {fileID: 0}
    - target: {fileID: 400000, guid: 911b2aca4190de843ba6fc029bf3734d, type: 3}
      propertyPath: m_LocalScale.z
      value: 1
      objectReference: {fileID: 0}
    - target: {fileID: 400000, guid: 911b2aca4190de843ba6fc029bf3734d, type: 3}
      propertyPath: m_LocalPosition.x
      value: 0
      objectReference: {fileID: 0}
    - target: {fileID: 400000, guid: 911b2aca4190de843ba6fc029bf3734d, type: 3}
      propertyPath: m_LocalPosition.y
      value: 0
      objectReference: {fileID: 0}
    - target: {fileID: 400000, guid: 911b2aca4190de843ba6fc029bf3734d, type: 3}
      propertyPath: m_LocalPosition.z
      value: 0
      objectReference: {fileID: 0}
    - target: {fileID: 400000, guid: 911b2aca4190de843ba6fc029bf3734d, type: 3}
      propertyPath: m_LocalRotation.w
      value: 1
      objectReference: {fileID: 0}
    - target: {fileID: 400000, guid: 911b2aca4190de843ba6fc029bf3734d, type: 3}
      propertyPath: m_LocalRotation.x
      value: -0
      objectReference: {fileID: 0}
    - target: {fileID: 400000, guid: 911b2aca4190de843ba6fc029bf3734d, type: 3}
      propertyPath: m_LocalRotation.y
      value: -0
      objectReference: {fileID: 0}
    - target: {fileID: 400000, guid: 911b2aca4190de843ba6fc029bf3734d, type: 3}
      propertyPath: m_LocalRotation.z
      value: -0
      objectReference: {fileID: 0}
    - target: {fileID: 400000, guid: 911b2aca4190de843ba6fc029bf3734d, type: 3}
      propertyPath: m_LocalEulerAnglesHint.x
      value: 0
      objectReference: {fileID: 0}
    - target: {fileID: 400000, guid: 911b2aca4190de843ba6fc029bf3734d, type: 3}
      propertyPath: m_LocalEulerAnglesHint.y
      value: 0
      objectReference: {fileID: 0}
    - target: {fileID: 400000, guid: 911b2aca4190de843ba6fc029bf3734d, type: 3}
      propertyPath: m_LocalEulerAnglesHint.z
      value: 0
      objectReference: {fileID: 0}
    - target: {fileID: 2300000, guid: 911b2aca4190de843ba6fc029bf3734d, type: 3}
      propertyPath: m_Enabled
      value: 1
      objectReference: {fileID: 0}
    - target: {fileID: 2300000, guid: 911b2aca4190de843ba6fc029bf3734d, type: 3}
      propertyPath: m_Materials.Array.data[0]
      value: 
      objectReference: {fileID: 2100000, guid: 152a75409221b6244be7b0063172b666, type: 2}
    m_RemovedComponents: []
  m_SourcePrefab: {fileID: 100100000, guid: 911b2aca4190de843ba6fc029bf3734d, type: 3}
--- !u!1 &5571440802133640699 stripped
GameObject:
  m_CorrespondingSourceObject: {fileID: 100000, guid: 911b2aca4190de843ba6fc029bf3734d, type: 3}
  m_PrefabInstance: {fileID: 5571440802133607259}
  m_PrefabAsset: {fileID: 0}
--- !u!135 &646007043178338541
SphereCollider:
  m_ObjectHideFlags: 0
  m_CorrespondingSourceObject: {fileID: 0}
  m_PrefabInstance: {fileID: 0}
  m_PrefabAsset: {fileID: 0}
  m_GameObject: {fileID: 5571440802133640699}
  m_Material: {fileID: 0}
  m_IsTrigger: 0
  m_Enabled: 1
  serializedVersion: 2
  m_Radius: 0.85
  m_Center: {x: 0, y: 0, z: 0}
--- !u!205 &784513461165186879
LODGroup:
  m_ObjectHideFlags: 0
  m_CorrespondingSourceObject: {fileID: 0}
  m_PrefabInstance: {fileID: 0}
  m_PrefabAsset: {fileID: 0}
  m_GameObject: {fileID: 5571440802133640699}
  serializedVersion: 2
  m_LocalReferencePoint: {x: 0, y: 0, z: 0}
  m_Size: 3.1999981
  m_FadeMode: 0
  m_AnimateCrossFading: 0
  m_LastLODIsBillboard: 0
  m_LODs:
  - screenRelativeHeight: 0.6
    fadeTransitionWidth: 0
    renderers: []
  - screenRelativeHeight: 0.104391836
    fadeTransitionWidth: 0
    renderers:
    - renderer: {fileID: 5571440802135644987}
  m_Enabled: 1
--- !u!114 &1423569896228052507
MonoBehaviour:
  m_ObjectHideFlags: 0
  m_CorrespondingSourceObject: {fileID: 0}
  m_PrefabInstance: {fileID: 0}
  m_PrefabAsset: {fileID: 0}
  m_GameObject: {fileID: 5571440802133640699}
  m_Enabled: 1
  m_EditorHideFlags: 0
  m_Script: {fileID: 11500000, guid: 23975482219819c40b6b478fe7000c69, type: 3}
  m_Name: 
  m_EditorClassIdentifier: 
  diamondsScore: 0
  score: {fileID: 0}
--- !u!114 &3217796178122975229
MonoBehaviour:
  m_ObjectHideFlags: 0
  m_CorrespondingSourceObject: {fileID: 0}
  m_PrefabInstance: {fileID: 0}
  m_PrefabAsset: {fileID: 0}
  m_GameObject: {fileID: 5571440802133640699}
  m_Enabled: 1
  m_EditorHideFlags: 0
  m_Script: {fileID: 11500000, guid: 313e0a0655d5386448be85c191ceaf37, type: 3}
  m_Name: 
  m_EditorClassIdentifier: 
  OnPointerEnter:
    m_PersistentCalls:
      m_Calls: []
  OnPointerDown:
    m_PersistentCalls:
      m_Calls:
      - m_Target: {fileID: 1423569896228052507}
        m_TargetAssemblyTypeName: DiamondController, Assembly-CSharp
        m_MethodName: Activate
        m_Mode: 1
        m_Arguments:
          m_ObjectArgument: {fileID: 0}
          m_ObjectArgumentAssemblyTypeName: UnityEngine.Object, UnityEngine
          m_IntArgument: 0
          m_FloatArgument: 0
          m_StringArgument: 
          m_BoolArgument: 0
        m_CallState: 2
  OnPointerUp:
    m_PersistentCalls:
      m_Calls: []
  duration: 1.5
--- !u!4 &5571440802133744091 stripped
Transform:
  m_CorrespondingSourceObject: {fileID: 400000, guid: 911b2aca4190de843ba6fc029bf3734d, type: 3}
  m_PrefabInstance: {fileID: 5571440802133607259}
  m_PrefabAsset: {fileID: 0}
--- !u!23 &5571440802135644987 stripped
MeshRenderer:
  m_CorrespondingSourceObject: {fileID: 2300000, guid: 911b2aca4190de843ba6fc029bf3734d, type: 3}
  m_PrefabInstance: {fileID: 5571440802133607259}
  m_PrefabAsset: {fileID: 0}
